 Dungeon Crawl Stone Soup version 0.19.5 (webtiles) character file.

8685 ghjk the Severer (level 11, -6/95 HPs)
             Began as a Minotaur Fighter on Apr 30, 2017.
             Was a High Priest of Okawaru.
             Mangled by an unseen horror (7 damage)
             ... on level 11 of the Dungeon.
             The game lasted 00:25:31 (11477 turns).

ghjk the Severer (Minotaur Fighter)                Turns: 11477, Time: 00:25:32

Health: -6/95      AC: 12    Str: 24    XL:     11   Next: 13%
Magic:  10/10      EV:  4    Int:  5    God:    Okawaru [*****.]
Gold:   476        SH:  7    Dex: 10    Spells: 0 memorised, 10 levels left

rFire  + . .     SeeInvis .     a - +1 war axe
rCold  . . .     Gourm    .     v - +1 chain mail
rNeg   + . .     Faith    .     c - +0 shield
rPois  .         Spirit   .     (helmet restricted)
rElec  .         Reflect  .     t - +2 cloak
rCorr  .         Harm     .     (no gloves)
MR     .....                    (no boots)
Stlth  ..........               (no amulet)
                                A - ring of positive energy
                                j - ring of protection from fire

@: very heavily drained
A: retaliatory headbutt, horns 2
a: Heroism, Finesse, Renounce Religion


You were on level 11 of the Dungeon.
You worshipped Okawaru.
Okawaru was extremely pleased with you.
You were not hungry.

You visited 2 branches of the dungeon, and saw 12 of its levels.

You collected 713 gold pieces.
You spent 237 gold pieces at shops.

Inventory:

Hand Weapons
 a - a +1 war axe (weapon)
 F - a +3 battleaxe
Armour
 c - a +0 shield (worn)
 t - a +2 cloak (worn)
 v - a +1 chain mail (worn)
 L - a +0 pair of gloves
Rods
 d - a +4 rod of shadows (12/12)
   (You took it off an orc wizard on level 6 of the Dungeon)
Jewellery
 i - an uncursed ring of protection from magic
 j - a ring of protection from fire (left hand)
 q - an uncursed ring of wizardry
 r - an uncursed amulet of magic regeneration
 w - an uncursed amulet of regeneration
 A - a ring of positive energy (right hand)
 B - an uncursed ring of protection from fire
 H - an uncursed ring of resist corrosion
Wands
 b - a wand of digging (16/24)
 h - a wand of polymorph (10/24)
 k - a wand of confusion (27/48)
 s - a wand of random effects (24/48)
 y - a wand of confusion (19/48)
 J - a wand of enslavement (3/24)
 M - a wand of acid (6/15)
 N - a wand of paralysis (15/24)
Scrolls
 e - 2 scrolls of enchant armour
 l - a scroll of enchant weapon
 m - 3 scrolls of remove curse
 p - a scroll of recharging
 u - 2 scrolls of blinking
 z - a scroll of magic mapping {unknown}
 D - a scroll of fog
 K - a scroll of identify
Potions
 g - 3 potions of brilliance
 n - a potion of invisibility
 o - 2 potions of haste
 x - a potion of ambrosia
 I - 2 potions of lignification
Comestibles
 f - 6 bread rations
 E - a meat ration


   Skills:
 + Level 8.6(0.0) Fighting
 * Level 16.0(0.0) Axes
 + Level 8.8(0.0) Armour
 + Level 3.7(0.0) Dodging
 - Level 3.6(0.0) Shields


You had 10 spell levels left.
You didn't know any spells.

Dungeon Overview and Level Annotations

Branches:
Dungeon (11/15)            Temple (1/1) D:4            Lair (0/6) D:11
    Orc: D:9-12

Altars:
Ashenzari
Cheibriados
Dithmenos
Elyvilon
Fedhas
Gozag
Hepliaklqana
Kikubaaqudgha
Makhleb
Nemelex Xobeh
Okawaru
Qazlal
Ru
Sif Muna
Trog
Uskayaw
Vehumet
Xom
Yredelemnul
Zin
The Shining One

Shops:
D:8 **(=:

Annotations:
D:10 greprep's ghost, novice SpEn
D:11 Fannar


Innate Abilities, Weirdness & Mutations

You reflexively headbutt those who attack you in melee.
You have a pair of horns on your head.


Message History

You miss something. Something hits you.
* * * LOW HITPOINT WARNING * * *
Something hits you but does no damage.
There is an open door, spattered with blood here.
Something hits you.
* * * LOW HITPOINT WARNING * * *
Something hits you but does no damage. You block something's attack.
Something hits you.
* * * LOW HITPOINT WARNING * * *
There is an open door, spattered with blood here.
Something hits you but does no damage. Something hits you but does no damage.
Something completely misses you.
There is an open door, spattered with blood here.
Something hits you.
* * * LOW HITPOINT WARNING * * *
Something hits you but does no damage. Something hits you but does no damage.
You miss something. Something hits you!
You die...

..# #######.##
####+##### #........#
#.....?..# #........#
#........#
#........#####........#
#......>.##..'.@{.....#
#........##.##........#
#...........##........#
.........#####........#
#...>....# #........#
##.####### ##...##### #
###.###### #.[......#
#........#


There were no monsters in sight!

Vanquished Creatures
  A death knight (D:6)
  Pikel (D:6)
  The ghost of Diode the Cudgeler, an amateur MiBe of Trog (D:4)
  A troll (D:9)
  2 hippogriffs
  2 wyverns
  A spriggan (D:8)
  6 yaks
  Eustachio (D:6)
  Menkaure (D:6)
  Edmund (D:4)
  A mottled dragon (D:11)
  4 sky beasts
  3 orc warriors
  2 ice beasts (D:10)
  A phantom (D:8)
  A necrophage (D:10)
  A black bear (D:9)
  An ogre (D:10)
  7 centaurs
  A big kobold (D:8)
  7 bullfrogs
  A wyvern skeleton (D:6)
  3 scorpions
  6 killer bees
  13 wights
  3 howler monkeys
  An electric eel (D:9)
  3 crimson imps
  2 bullfrog zombies (D:5)
  A centaur zombie (D:5)
  A quasit (D:9)
  5 orc priests
  4 bullfrog skeletons
  8 hounds
  2 jellies
  A gnoll shaman (D:5)
  Terence (D:2)
  2 iguanas
  7 orc wizards
  10 worker ants
  A hound skeleton (D:6)
  A worker ant zombie (D:4)
  7 gnolls
  9 adders
  A shadow imp (D:6)
  2 oozes
  3 adder zombies
  An adder skeleton (D:8)
  7 worms
  A dart slug (D:2)
  5 leopard geckos
  33 orcs
  A ball python (D:2)
  4 bats
  6 giant cockroaches
  9 goblins
  3 hobgoblins (D:2)
  5 jackals
  14 kobolds
  3 quokkas
  A ball python zombie (D:4)
  3 frilled lizards
  A jackal skeleton (D:4)
  2 leopard gecko skeletons
  A quokka skeleton (D:3)
  7 rats
252 creatures vanquished.

Vanquished Creatures (others)
  2 bullfrogs (D:6)
  A worker ant (D:6)
3 creatures vanquished.

Grand Total: 255 creatures vanquished

Notes
Turn   | Place    | Note
-------+----------+-------------------------------------------
     0 | D:1      | ghjk the Minotaur Fighter began the quest for the Orb.
     0 | D:1      | Reached XP level 1. HP: 19/19 MP: 0/0
   128 | D:1      | Reached XP level 2. HP: 27/27 MP: 1/1
   581 | D:2      | Reached skill level 3 in Axes
   974 | D:2      | Reached XP level 3. HP: 22/33 MP: 2/2
  1050 | D:2      | Reached XP level 4. HP: 25/40 MP: 3/3
  1201 | D:2      | Found a blossoming altar of Fedhas.
  1201 | D:2      | Found a radiant altar of Vehumet.
  1273 | D:2      | Reached skill level 4 in Axes
  1415 | D:2      | Noticed Terence
  1426 | D:2      | Killed Terence
  1440 | D:2      | Found a bloodstained altar of Trog.
  1588 | D:3      | Reached skill level 5 in Axes
  1588 | D:3      | Reached XP level 5. HP: 43/46 MP: 4/4
  1805 | D:3      | Found a faded altar of an unknown god.
  2041 | D:3      | Reached skill level 6 in Axes
  2169 | D:4      | Reached XP level 6. HP: 43/53 MP: 5/5
  2317 | D:4      | Reached skill level 1 in Dodging
  2384 | D:4      | Noticed Diode's ghost (amateur MiBe)
  2397 | D:4      | Killed Diode's ghost
  2397 | D:4      | Reached skill level 7 in Axes
  2397 | D:4      | Reached skill level 5 in Armour
  2397 | D:4      | Reached XP level 7. HP: 42/60 MP: 6/6
  2515 | D:4      | Reached skill level 8 in Axes
  2540 | D:4      | Found a sparkling altar of Nemelex Xobeh.
  2692 | D:4      | Found a staircase to the Ecumenical Temple.
  2706 | Temple   | Entered the Ecumenical Temple
  2758 | Temple   | Became a worshipper of Warmaster Okawaru
  2853 | D:4      | Noticed Edmund
  2862 | D:4      | Killed Edmund
  2862 | D:4      | Reached skill level 5 in Fighting
  2862 | D:4      | Reached skill level 9 in Axes
  2989 | D:5      | Entered Level 5 of the Dungeon
  2989 | D:5      | Found an iron altar of Okawaru.
  3008 | D:5      | Reached XP level 8. HP: 59/68 MP: 7/7
  3104 | D:5      | Found an iron altar of Okawaru.
  3201 | D:5      | Reached skill level 10 in Axes
  3215 | D:5      | Reached * piety under Okawaru
  3379 | D:6      | Found a hazy altar of Hepliaklqana.
  3518 | D:6      | Found a sparkling altar of Nemelex Xobeh.
  3585 | D:6      | Noticed Pikel
  3598 | D:6      | Killed Pikel
  3598 | D:6      | Reached ** piety under Okawaru
  3598 | D:6      | Reached skill level 11 in Axes
  3678 | D:6      | Noticed Eustachio
  3722 | D:6      | Noticed Menkaure
  3735 | D:6      | Killed Menkaure
  3893 | D:6      | Reached skill level 12 in Axes
  3893 | D:6      | Reached XP level 9. HP: 64/75 MP: 8/8
  4016 | D:6      | Noticed a death knight
  4025 | D:6      | Killed a death knight
  4025 | D:6      | Reached skill level 13 in Axes
  4392 | D:6      | Killed Eustachio
  4397 | D:6      | Reached *** piety under Okawaru
  4814 | D:6      | Reached skill level 14 in Axes
  4916 | D:7      | Reached XP level 10. HP: 69/84 MP: 9/9
  5137 | D:7      | Found a stormy altar of Qazlal.
  5474 | D:8      | Found Uterchukk's Assorted Antiques.
  5484 | D:8      | Bought a pair of jewelled gloves for 237 gold pieces
  5489 | D:8      | Identified the +1 pair of gloves of Dawn {rPois Regen+ Int-4} (You bought it in a shop on level 8 of the Dungeon)
  5526 | D:8      | Found Vusif's Jewellery Boutique.
  5768 | D:8      | Found Semattog's Assorted Antiques.
  5774 | D:8      | Found Daupla Kinuc's Antique Weapon Emporium.
  6058 | D:8      | Reached **** piety under Okawaru
  6071 | D:8      | Found Keonum's Book Boutique.
  6485 | D:9      | Reached skill level 15 in Axes
  7080 | D:10     | Entered Level 10 of the Dungeon
  7342 | D:10     | Noticed greprep's ghost (novice SpEn)
  9002 | D:10     | Reached XP level 11. HP: 26/95 MP: 10/10
  9450 | D:11     | Noticed Fannar
  9943 | D:10     | Reached skill level 16 in Axes
 10017 | D:10     | Reached ***** piety under Okawaru
 11414 | D:11     | Found a staircase to the Lair.
 11469 | D:11     | HP: 4/95 [something (6)]
 11472 | D:11     | HP: 1/95 [something (4)]
 11477 | D:11     | Mangled by an unseen horror

Skill      XL: |  1  2  3  4  5  6  7  8  9 10 11 |
---------------+----------------------------------+-----
Armour         | 4 5 6 7 8 |  8.8
Axes           | 3 5 6 7 9 12 14 15 16 | 16.0
Fighting       | 4 5 6 8 |  8.6
Dodging        | 1 2 3 |  3.7
Shields        | |  3.6

Action                   |  1- 3 |  4- 6 |  7- 9 | 10-12 || total
-------------------------+-------+-------+-------+-------++-------
Melee: War axe           |    48 |   151 |   237 |   739 ||  1175
       Headbutt          |     4 |    22 |    46 |    89 ||   161
Invok: Heroism           |       |       |       |     2 ||     2
  Use: Scroll            |     3 |     4 |     6 |    13 ||    26
       Potion            |       |     1 |     2 |    11 ||    14
  Eat: Chunk             |       |     3 |     4 |     7 ||    14
       Fruit             |       |     1 |       |     1 ||     2
       Royal jelly       |       |     1 |       |       ||     1
       Beef jerky        |       |       |     2 |       ||     2
       Pizza             |       |       |       |     2 ||     2
       Meat ration       |       |       |       |     1 ||     1
       Bread ration      |       |       |       |     2 ||     2
Armor: Scale mail        |    14 |    39 |       |       ||    53
       Chain mail        |       |    17 |   106 |   695 ||   818
Dodge: Dodged            |    11 |    33 |    44 |   165 ||   253
Block: Shield            |    28 |    69 |    98 |   270 ||   465
